 Dungeon Crawl Stone Soup version 0.27.1-34-g3ba077fa99 (webtiles) character file.

Game seed: 11610272497068089730

24 mcbry74 the Poker (level 3, 27/27 HPs)
             Began as a Merfolk Gladiator on Jan 22, 2022.
             Was a Follower of Cheibriados.
             Quit the game on level 1 of the Dungeon.
             The game lasted 00:02:01 (477 turns).

mcbry74 the Poker (Merfolk Gladiator)                Turns: 477, Time: 00:02:02

Health: 27/27      AC:  4    Str: 16    XL:     3   Next: 2%
Magic:  3/3        EV: 13    Int: 10    God:    Cheibriados [*.....]
Gold:   48         SH:  0    Dex: 17    Spells: 2/2 levels left

rFire    . . .     SeeInvis .   a - +0 trident
rCold    . . .     Faith    .   (no shield)
rNeg     . . .     Spirit   .   b - +0 leather armour
rPois    .         Reflect  .   c - +0 helmet
rElec    .         Harm     .   (no cloak)
rCorr    .         Rampage  .   (no gloves)
Will     .....                  (no boots)
Stlth    +.........             (no amulet)
HPRegen  0.09/turn              (no ring)
MPRegen  0.08/turn              (no ring)

@: very slow
A: (nimble swimmer 2), mertail
a: Renounce Religion, Bend Time


You were on level 1 of the Dungeon.
You worshipped Cheibriados.
Cheibriados was aware of your devotion.
You visited 1 branch of the dungeon, and saw 1 of its levels.

You collected 48 gold pieces.

Inventory:

Hand Weapons
 a - a +0 trident (weapon)
Missiles
 d - 3 throwing nets (quivered)
 e - 21 stones
Armour
 b - a +0 leather armour (worn)
 c - a +0 helmet (worn)
Scrolls
 f - a scroll of teleportation {unknown}
 g - a scroll of immolation {unknown}


   Skills:
 - Level 2.1 Fighting
 + Level 6.0 Polearms
 - Level 2.0 Throwing
 - Level 4.0 Dodging


You had 2 spell levels left.
You didn't know any spells.
Your spell library was empty.

Dungeon Overview and Level Annotations

Branches:
Dungeon (1/15)

Altars:
Cheibriados


Innate Abilities, Weirdness & Mutations

((You are quick and stealthy near water. (Stealth+, EV+, Speed+++)))
Your lower body shifts to a powerful aquatic tail in water.


Message History

Your experience leads to an increase in your attributes!
Increase (S)trength, (I)ntelligence, or (D)exterity?
You feel clever.
There is a faded altar of an unknown god here.
You don't know any spells.
You cannot tell which god this altar belongs to.
Convert to them anyway?
Cheibriados accepts your prayer! Cheibriados welcomes you!
Cheibriados begins to support your attributes as your movement slows.
You can now bend time to slow others.
Cheibriados is now slowing the effects of poison on you.
Cheibriados raises the support of your attributes as your movement slows.
As you open the door, it creaks loudly!
There is an open door here.
Found 7 gold pieces.
You open the door.
There is an open door here.
You now have 48 gold pieces (gained 7).
A bat is nearby!
The bat hits you but does no damage.
You hit the bat.
The bat is moderately wounded.
The bat closely misses you.
You reach to attack!
You barely miss the bat.
The bat is moderately wounded.
The bat hits you but does no damage.
You reach to attack!
You barely miss the bat.
The bat is moderately wounded.
The bat misses you. The bat barely misses you.
You hit the bat but do no damage.
The bat is moderately wounded.
The bat hits you but does no damage.
You reach to attack!
You hit the bat.
The bat is severely wounded.
The bat misses you.
You hit the bat.
You kill the bat!
Cheibriados thoroughly appreciates the change of pace.
Found a war axe.
Are you sure you want to abandon this character and quit the game? (Confirm with "yes".)

......#...............# #.+###
.###..................########..#
)###.##..............†....####...
..##.................####...###..
..##..###............# ###.###..
......# #####.#.###.### #..##..
...##.# #####...###...#####.#...
....... .................##.#..#
..#.... .......@......##....'###
..#.... ##.....#############....
..#.... #..... #.... ### ##
#..... ##### #..... #..... #..)..
#.....


There were no monsters in sight!

Vanquished Creatures
  3 endoplasms (D:1)
  A giant cockroach (D:1)
  6 goblins (D:1)
  A hobgoblin (D:1)
  2 kobolds (D:1)
  2 ball pythons (D:1)
  A bat (D:1)
  4 frilled lizards (D:1)
  A rat (D:1)
21 creatures vanquished.

Notes
Turn   | Place    | Note
-------+----------+-------------------------------------------
     0 | D:1      | mcbry74 the Merfolk Gladiator began the quest for the Orb.
     0 | D:1      | Reached XP level 1. HP: 16/16 MP: 1/1
    52 | D:1      | Reached skill level 5 in Polearms
    54 | D:1      | Reached XP level 2. HP: 22/22 MP: 2/2
   421 | D:1      | Found a faded altar of an unknown god.
   427 | D:1      | Reached skill level 6 in Polearms
   427 | D:1      | Reached XP level 3. HP: 27/27 MP: 3/3
   429 | D:1      | Became a worshipper of Cheibriados the Contemplative
   429 | D:1      | Reached * piety under Cheibriados
   477 | D:1      | Quit the game

Illustrated notes

Levels and vault maps discovered:
D:1:      mainiacjoe_arrival_reflecting_pool, layout_rooms,
          hellmonk_ecumenical_altar_slurped_away, minmay_indecisive_spiral

Skill      XL: |  1  2 |
---------------+-------+-----
Polearms       | 5 6 |  6.0
Fighting       | |  2.1
Throwing       | |  2.0
Dodging        | |  4.0

Action                   || total
-------------------------++-------
Melee: Trident           ||    59
 Stab: Sleeping          ||     1
Armor: Leather armour    ||     9
Dodge: Dodged            ||    26
